 Dungeon Crawl Stone Soup version 0.28-a0-1152-g9c71ebef14 (webtiles) character file.

Game seed: 9844293661641712486

106 spaghetti the Skirmisher (level 4, 0/39 HPs)
             Began as a Mummy Delver on Dec 14, 2021.
             Slain by a water moccasin (8 damage)
             ... on level 7 of the Dungeon.
             The game lasted 00:01:24 (647 turns).

spaghetti the Skirmisher (Mummy Delver)              Turns: 647, Time: 00:01:25

Health: 0/39       AC:  3    Str: 17    XL:     4   Next: 55%
Magic:  4/4        EV: 11    Int:  9    God:
Gold:   0          SH:  0    Dex: 13    Spells: 3/3 levels left

rFire   x . .      SeeInvis .   a - +0 falchion {long}
rCold   + . .      Faith    .   (no shield)
rNeg    + + +      Spirit   .   b - +0 leather armour
rPois   ∞          Reflect  .   (no helmet)
rElec   .          Harm     .   (no cloak)
rCorr   .          Rampage  .   (no gloves)
Will    .....                   (no boots)
Stlth   ++........              (no amulet)
HPRegen 0.13/turn               (no ring)
MPRegen 0.09/turn               (no ring)

@: no status effects
A: cold resistance 1, negative energy resistance 3, torment resistance 2, heat
vulnerability 1, no potions
a: no special abilities


You were on level 7 of the Dungeon.
You visited 1 branch of the dungeon, and saw 3 of its levels.


Innate Abilities, Weirdness & Mutations

You are immune to poison.
Your flesh is cold resistant. (rC+)
You are immune to negative energy. (rN+++)
You are immune to unholy pain and torment.
You are vulnerable to heat. (rF-)
You do not drink.


   Skills:
 + Level 5.4 Fighting
 - Level 1.5 Long Blades
 - Level 1.5 Dodging
 - Level 4.1 Stealth


You had 3 spell levels left.
You didn't know any spells.
Your spell library was empty.

Inventory:

Hand Weapons
 a - a +0 falchion (weapon) {long}
Missiles
 e - 9 poisoned darts (quivered) {throwing}
Armour
 b - a +0 leather armour (worn)
Wands
 f - a wand of digging (2)
Scrolls
 c - a scroll of fog
 d - a scroll of magic mapping {!r}

Dungeon Overview and Level Annotations

Branches:
Dungeon (7/15)
 Temple: D:4-7

Altars:

## #.# #.# #.#
#######
#.#######<....#
#@##.........#
##Sh.........#
##..........#
##........##
####.......
#####...# .###
#


You could see a water moccasin and a howler monkey (catching breath).


Message History

You slash the howler monkey zombie!
You destroy the howler monkey zombie! 😕 HP[+1] No target in view!
No target in view!
No target in view!
No target in view!
No target in view!
No target in view!
No target in view!
No target in view!
No target in view!
No target in view!
No target in view!
No target in view!
No target in view!
No target in view!
No target in view!
No target in view!
No target in view!
No target in view!
No target in view!
No target in view!
e - 8 poisoned darts {throwing} (gained 1)
e - 9 poisoned darts {throwing} (gained 1)
A black bear comes into view.
The black bear growls angrily.
A bullfrog comes into view. 😎 HP[+4]
Your hp is fully restored (39).
A water moccasin comes into view.
The bullfrog croaks.
You see here 12 stones {throwing}.
The water moccasin bites you!
The water moccasin bites you but does no damage. 😕 HP[-8]
You take 8 damage, and now have 31/39 hp.
MASSIVE DAMAGE!! (PAUSE) Unknown command.
The water moccasin barely misses you.
Found a stone staircase leading down.
The water moccasin bites you but does no damage.
You see here 25 stones {throwing}. 😕 HP[+1]
The water moccasin bites you! 😮 HP[-9]
You take 9 damage, and now have 23/39 hp.
MASSIVE DAMAGE!! (PAUSE) Unknown command.
The water moccasin bites you!
* * * LOW HITPOINT WARNING * * *
There is a stone staircase leading down here. 😨 HP[-7]
You take 7 damage, and now have 16/39 hp.
The water moccasin closely misses you.
You climb downwards.
The howler monkey howls!
There is a stone staircase leading up here.
Unknown command.
Unknown command.
Unknown command.
The water moccasin barely misses you. 😨 HP[+1] Unknown command.
Okay, then.
Okay, then.
You can't drink.
Okay, then.
Unknown command.
The water moccasin bites you.
* * * LOW HITPOINT WARNING * * *
😨 HP[-2]
You take 2 damage, and now have 15/39 hp.
The howler monkey hoots and howls with incredible vigour!
You hear a bark!
The water moccasin barely misses you.
Aiming: Dig
Press: ? - help, Shift-Dir - straight line A rock wall.
The rock shatters into small pieces.
The water moccasin bites you.
* * * LOW HITPOINT WARNING * * *
The howler monkey hoots and howls with incredible vigour!
The water moccasin bites you but does no damage.
You hear a shout! 😨 HP[-2]
You take 2 damage, and now have 13/39 hp.
You can't drink.
Okay, then.
You hit the water moccasin. The water moccasin bites you.
* * * LOW HITPOINT WARNING * * *
The water moccasin bites you.
* * * LOW HITPOINT WARNING * * *
😱 HP[-5]
You take 5 damage, and now have 8/39 hp.
Unknown command.
Unknown command.
You hit the water moccasin.
The howler monkey hoots and howls with incredible vigour!
The water moccasin bites you!
You die...

Skill      XL: |  1  2  3 |
---------------+----------+-----
Fighting       | 4 5 |  5.4
Long Blades    | |  1.5
Dodging        | |  1.5
Stealth        | |  4.1

Action                   |  1- 3 |  4- 6 || total
-------------------------+-------+-------++-------
Melee: Falchion          |    12 |    15 ||    27
Throw: Dart              |     9 |     1 ||    10
Evoke: Wand              |       |     1 ||     1
  Use: Scroll            |     1 |       ||     1
Armor: Leather armour    |     4 |     6 ||    10
Dodge: Dodged            |    17 |    12 ||    29

Levels and vault maps discovered:
D:5:      layout_basic, nicolae_overflow_crystal_walls, uniq_pikel,
          uniq_eustachio
D:6:      layout_loops_ring, minmay_temple_entry_glass, minmay_joined_circles,
          uniq_grinder, uniq_duvessa
D:7:      layout_cave_pods, uniq_menkaure

Notes
Turn   | Place    | Note
-------+----------+-------------------------------------------
     0 | D:5      | spaghetti the Mummy Delver began the quest for the Orb.
     0 | D:5      | Reached XP level 1. HP: 18/18 MP: 1/1
     0 | D:5      | magus.rc [v1.9.6]
    14 | D:6      | Noticed a bullfrog
   231 | D:6      | Noticed a troll
   255 | D:6      | Noticed a scorpion
   266 | D:6      | Killed a scorpion
   267 | D:6      | Reached skill level 4 in Fighting
   267 | D:6      | Reached XP level 2. HP: 16/26 MP: 2/2
   267 | D:6      | Reached XP level 3. HP: 19/31 MP: 3/3
   286 | D:6      | Reached skill level 5 in Fighting
   286 | D:6      | Reached XP level 4. HP: 12/39 MP: 4/4
   621 | D:6      | Noticed a black bear
   621 | D:6      | Noticed a bullfrog
   622 | D:6      | Noticed a water moccasin
   646 | D:7      | HP: 8/39 [water moccasin (5)]
   647 | D:7      | Slain by a water moccasin

Vanquished Creatures
  A scorpion (D:6)
  A hound (D:6)
  A howler monkey zombie (D:6)
  An adder (D:6)
4 creatures vanquished.

Table legend:
 A = Non-vault XP
 B = Vault XP
 C = Vault XP percentage of total XP
 D = Non-vault monster count
 E = Vault monster count
 F = Vault count percentage of total count
                 A         B        C        D         E       F
            +---------+---------+-------+---------+---------+-------
      Total |     152 |       0 |   0.0 |       4 |       0 |   0.0
            +---------+---------+-------+---------+---------+-------
        D:6 |     152 |       0 |   0.0 |       4 |       0 |   0.0
            +---------+---------+-------+---------+---------+-------

Illustrated notes

Table legend:
 A = Kills in this place as a percentage of kills in entire the game.
 B = Kills by you in this place as a percentage of kills by you in the entire game.
 C = Kills by friends in this place as a percentage of kills by friends in the entire game.
 D = Other kills in this place as a percentage of other kills in the entire game.
 E = Experience gained in this place as a percentage of experience gained in the entire game.
 F = Experience gained in this place divided by the number of levels of this place that you have seen.
                   A       B       C       D       E      F
               +-------+-------+-------+-------+-------+----------------------
         Total | 100.0 | 100.0 |   N/A |   N/A | 100.0 |  50.7
       Dungeon | 100.0 | 100.0 |   N/A |   N/A | 100.0 |  50.7
               +-------+-------+-------+-------+-------+----------------------

Table legend: (Time is in decaauts)
 A = Elapsed time spent in this place.
 B = Non-inter-level travel time spent in this place.
 C = Inter-level travel time spent in this place.
 D = Time resting spent in this place.
 E = Time spent auto-exploring this place.
 F = Levels seen in this place.
 G = Mean time per level.
                   A        B        C        D        E       F      G
               +--------+--------+--------+--------+--------+-----+--------+
         Total |    653 |    651 |      2 |    409 |    115 |   3 |  217.7 |
       Dungeon |    653 |    651 |      2 |    409 |    115 |   3 |  217.7 |
               +--------+--------+--------+--------+--------+-----+--------+

Top non-repeatable levels by time:
     D:6: 429 daAuts
     D:5: 214 daAuts
     D:7: 9 daAuts
